 Dungeon Crawl Stone Soup version 0.25-b1-46-gb8a1ec05df (webtiles) character file.

Game seed: 3558086676033131382

93 Peloso the Skirmisher (level 4, -1/35 HPs)
             Began as a Demonspawn Fighter on June 9, 2020.
             Slain by Grinder (8 damage)
             ... on level 3 of the Dungeon.
             The game lasted 00:04:12 (2143 turns).

Peloso the Skirmisher (Demonspawn Fighter)          Turns: 2143, Time: 00:04:12

Health: -1/35      AC:  6    Str: 15 (17) XL:     4   Next: 37%
Magic:  4/4        EV:  7    Int:  8 (10) God:
Gold:   62         SH: 13    Dex: 10 (12) Spells: 3/3 levels left

rFire    . . .     SeeInvis .   a - +0 long sword
rCold    . . .     Gourm    .   c - +0 kite shield
rNeg     . . .     Faith    .   b - +0 scale mail
rPois    +         Spirit   .   (no helmet)
rElec    .         Reflect  +   (no cloak)
rCorr    .         Harm     .   (no gloves)
MR       .....                  (no boots)
Stlth    ..........             e - amulet of reflection
HPRegen  0.11/turn              g - ring of poison resistance
MPRegen  0.09/turn              (no ring)

@: mighty
A: rot immunity
a: no special abilities


You were on level 3 of the Dungeon.
You were very hungry.

You visited 1 branch of the dungeon, and saw 3 of its levels.

You collected 62 gold pieces.

Inventory:

Hand Weapons
 a - a +0 long sword (weapon)
Armour
 b - a +0 scale mail (worn)
 c - a +0 kite shield (worn)
Jewellery
 e - an amulet of reflection (around neck)
 g - a ring of poison resistance (left hand)
Wands
 l - a wand of digging (7)
Scrolls
 h - 2 scrolls of identify
 i - 3 scrolls of teleportation {unknown}
 j - a scroll of fog {unknown}
 k - 4 scrolls of fear {unknown}
 m - a scroll of enchant weapon {unknown}
 n - a scroll of remove curse {unknown}
 p - a scroll of enchant armour
Potions
 d - a potion of might
Comestibles
 f - 4 rations


   Skills:
 + Level 3.3 Fighting
 + Level 3.0 Long Blades
 + Level 3.0 Armour
 + Level 0.9 Dodging
 + Level 3.2 Shields


You had 3 spell levels left.
You didn't know any spells.
Your spell library was empty.

Dungeon Overview and Level Annotations

Branches:
Dungeon (3/15)

Altars:
Ashenzari

Annotations:
D:3 Grinder


Innate Abilities, Weirdness & Mutations

You are immune to rotting.


Message History

Grinder is lightly wounded.
Grinder hits you but does no damage.
You slash Grinder!
Grinder is moderately wounded.
You block Grinder's attack. Grinder hits you but does no damage.
You barely miss Grinder.
Grinder is moderately wounded.
Grinder gestures at you. Pain shoots through your body!
You slash Grinder!
Grinder is heavily wounded.
Grinder gestures at you. Pain shoots through your body!
* * * LOW HITPOINT WARNING * * *
You hit Grinder.
Grinder is heavily wounded.
Grinder hits you.
* * * LOW HITPOINT WARNING * * *
Grinder hits you!
You die...

#......# #.#
#....## #...#..#
#.# #.### #.
#...###.######.#
#
#.†.........#.#
#..#....##
#...#..##
#<.#..##
##..#..#
#....#@#
#.#...(5###..
..##...........
#......##.#####.
#########%# #?#
#.# #.# >#


You could see Grinder.

Vanquished Creatures
  2 adders (D:2)
  An ooze (D:2)
  5 worms
  2 leopard geckos
  An orc (D:3)
  10 bats
  5 giant cockroaches
  8 goblins
  4 hobgoblins
  2 frilled lizards (D:1)
  6 kobolds
  9 rats
55 creatures vanquished.

Notes
Turn   | Place    | Note
-------+----------+-------------------------------------------
     0 | D:1      | Peloso the Demonspawn Fighter began the quest for the Orb.
     0 | D:1      | Reached XP level 1. HP: 18/18 MP: 1/1
   304 | D:1      | Gained mutation: You are immune to rotting. [demonic
                  | ancestry]
   304 | D:1      | Reached XP level 2. HP: 24/24 MP: 2/2
  1140 | D:2      | Reached XP level 3. HP: 28/29 MP: 3/3
  1590 | D:2      | Reached XP level 4. HP: 30/35 MP: 4/4
  2043 | D:3      | Found a shattered altar of Ashenzari.
  2107 | D:3      | Noticed Grinder
  2143 | D:3      | Slain by Grinder

Illustrated notes

Levels and vault maps discovered:
D:1:      tarquinn_simple_flora_water_a, layout_basic
D:2:      layout_loops_ring
D:3:      layout_loops_ring, first_ration, dk_noncrumbling_4, ashenzari_altar_1,
          uniq_natasha, uniq_grinder

Skill      XL: |  1  2  3  4 |
---------------+-------------+-----
Shields        | 3 |  3.2
Long Blades    | 2 3 |  3.0
Armour         | 3 |  3.0
Fighting       | |  3.3
Dodging        | |  0.9

Action                   |  1- 3 |  4- 6 || total
-------------------------+-------+-------++-------
Melee: Long sword        |   182 |    51 ||   233
  Use: Potion            |     1 |     3 ||     4
       Scroll            |       |     1 ||     1
  Eat: Chunk             |     3 |       ||     3
Armor: Scale mail        |    89 |    12 ||   101
Dodge: Dodged            |    49 |    13 ||    62
Block: Kite shield       |   118 |    32 ||   150
       Reflection        |     1 |       ||     1
       Rpst.: Long sword |    16 |     4 ||    20
